 Dungeon Crawl Stone Soup version 0.22.0 (webtiles) character file.

42 BigChef the Skirmisher (level 3, 0/29 HPs)
             Began as a Demonspawn Chaos Knight on Sept 3, 2018.
             Succumbed to an adder's poison
             ... on level 2 of the Dungeon.
             The game lasted 00:01:47 (1070 turns).

BigChef the Skirmisher (Demonspawn Chaos Knight)    Turns: 1070, Time: 00:01:48

Health: 0/29       AC:  5    Str: 10 (13) XL:     3   Next: 33%
Magic:  3/3        EV: 11    Int: 12 (13) God:    Xom [..*...]
Gold:   9          SH:  0    Dex: 10 (12) Spells: 2/2 levels left

rFire    . . .     SeeInvis .   a - +0 falchion (chaos)
rCold    . . .     Gourm    .   (no shield)
rNeg     . . .     Faith    .   b - +2 leather armour
rPois    .         Spirit   .   (helmet restricted)
rElec    .         Reflect  .   (no cloak)
rCorr    .         Harm     .   (no gloves)
MR       .....                  (no boots)
Stlth    +.........             (no amulet)
HPRegen  0.09/turn              (no ring)
MPRegen  0.08/turn              (no ring)

@: lethally poisoned (0 -> -3)
A: horns 1, demonic guardian 1, sense surroundings 1, rot immunity
a: Renounce Religion


You were on level 2 of the Dungeon.
You worshipped Xom.
You were a toy of Xom.
You were hungry.

You visited 1 branch of the dungeon, and saw 2 of its levels.

You collected 9 gold pieces.

Inventory:

Hand Weapons
 a - a +0 falchion of chaos (weapon)
Armour
 b - a +2 leather armour (worn)
Scrolls
 e - a scroll of enchant armour {unknown}
 g - a scroll of identify {unknown}
 i - a scroll of fear {unknown}
 k - a scroll of enchant weapon {unknown}
 m - a scroll of amnesia {unknown}
Comestibles
 c - 4 rations


   Skills:
 + Level 3.6 Fighting
 + Level 3.0 Long Blades
 + Level 2.3 Armour
 + Level 1.3 Dodging


You had 2 spell levels left.
You didn't know any spells.
Your spell library was empty.

Dungeon Overview and Level Annotations

Branches:
Dungeon (2/15)

Altars:
Elyvilon


Innate Abilities, Weirdness & Mutations

A weak demonic guardian rushes to your aid.
You are immune to rotting.
You have a pair of small horns on your head.
You passively map a small area around you.


Message History

* * * LOW HITPOINT WARNING * * *
You feel sick. Something bites you but does no damage.
As you read the scroll labeled AWEYTHIUDA, it crumbles to dust.
You feel blessed for a moment.
It was a scroll of remove curse.
Something bites you.
* * * LOW HITPOINT WARNING * * *
Something bites you.
* * * LOW HITPOINT WARNING * * *
* * * LOW HITPOINT WARNING * * *
You feel sick.
Unknown command.
Something bites you but does no damage.
You see here a stone.
Something completely misses you.
* * * LOW HITPOINT WARNING * * *
You feel sick.
You are feeling hungry.
Something bites you but does no damage.
You die...
Xom cackles wildly!

##### #...# #.#.## #....##
*##########.#...#######
*............@.....(..#
*...........####.####.#######
*...........##.....##..)....#
*.........w.#.......#.##.##.##
*...$.......#.......#.##.#.).#
****..............._............#
*,,,.......†...#.......#.##.....#
,,,,...........#.......#....#....
,,,,........##.##.....##(##.#####


There were no monsters in sight!

Vanquished Creatures
  An adder (D:2)
  An ooze (D:1)
  A worm (D:2)
  A dart slug (D:1)
  A leopard gecko (D:1)
  4 goblins (D:1)
  2 hobgoblins
  2 kobolds
13 creatures vanquished.

Vanquished Creatures (collateral kills)
  An adder (D:2)
  A worm (D:2)
  A rat (D:2)
3 creatures vanquished.

Grand Total: 16 creatures vanquished

Notes
Turn   | Place    | Note
-------+----------+-------------------------------------------
     0 | D:1      | BigChef the Demonspawn Chaos Knight began the quest for the Orb.
     0 | D:1      | Reached XP level 1. HP: 18/18 MP: 1/1
     4 | D:1      | XOM: divination: detect creatures
   406 | D:1      | Gained mutation: A weak demonic guardian rushes to your aid. [demonic ancestry]
   406 | D:1      | Reached XP level 2. HP: 16/24 MP: 2/2
   843 | D:1      | XOM: harmless Necr miscast
   866 | D:2      | XOM: divination: magic mapping
   868 | D:2      | Gained mutation: You have a pair of small horns on your head. [potion of mutation]
   868 | D:2      | Gained mutation: You passively map a small area around you. [potion of mutation]
   870 | D:2      | Reached skill level 1 in Dodging
   922 | D:2      | Found a white marble altar of Elyvilon.
   940 | D:2      | XOM: divination: magic mapping
   946 | D:2      | Gained mutation: You are immune to rotting. [demonic ancestry]
   946 | D:2      | Reached XP level 3. HP: 22/29 MP: 3/3
  1062 | D:2      | HP: 1/29 [poisoned by an adder]
  1070 | D:2      | Succumbed to an adder's poison

Skill      XL: |  1  2 |
---------------+-------+-----
Armour         | 2 |  2.3
Dodging        | 1 |  1.3
Long Blades    | 3 |  3.0
Fighting       | |  3.6

Action                   || total
-------------------------++-------
Melee: Falchion          ||    53
       Headbutt          ||     4
  Use: Potion            ||     5
       Scroll            ||     2
Armor: Leather armour    ||    22
Dodge: Dodged            ||    23
       Rpst.: Falchion   ||     5
